AoeStats
← jake

Arabia

510441870Analyzed
1v1 RM · 10h ago on Oct 1, 2026· 45m 5s· 2 players
Game mode
Random Map
Map size
Tiny (2 player)
Population
200
Speed
Normal
Resources
Standard
Victory
Conquest
Starting age
Dark Age
Ending age
Imperial Age
RankedLock teamsTeams togetherTeam positionsShared explorationLock speedFull tech treeHidden civsTurbo modeCheats
Victory
Defeat
🇦🇷 Khmer · Argentina
1117
+14
🇦🇺 Japanese · Australia
1082
-14
jake
7:39 Loom
9:24 Feudal Age
11:02 Double-Bit Axe
19:30 Castle Age
18:38 Padded Archer Armor
19:08 Fletching
23:46 Bow Saw
27:15 Bodkin Arrow
27:48 Gold Mining
29:09 Bloodlines
29:45 Ballistics
30:49 Elite Skirmisher
33:28 Leather Archer Armor
34:53 Thumb Ring
35:44 Wheelbarrow
35:04 Pikeman
37:52 Horse Collar
43:51 Imperial Age
45:15 Conscription
暗黑圣爵
9:07 Feudal Age
8:01 Loom
11:05 Double-Bit Axe
12:18 Horse Collar
21:27 Castle Age
19:46 Stone Mining
20:53 Scale Barding Armor
21:44 Gold Mining
24:04 Bloodlines
23:57 Husbandry
26:04 Wheelbarrow
26:04 Bloodlines
35:38 Hand Cart
35:47 Chain Barding Armor
38:39 Imperial Age
36:46 Town Watch
36:56 Fletching
38:43 Elite Skirmisher
42:03 Light Cavalry
Connection lost

Rejoining the realm…

Still unreachable

The connection could not be restored.

Session expired

The server has moved on; the page needs a fresh start.